 Dungeon Crawl Stone Soup version 0.27.1-33-g824d729ab1 (webtiles) character file.

Game seed: 2013622558851074592

188 zeram the Chopper (level 5, -1/47 HPs)
             Began as a Hill Orc Fighter on Nov 28, 2021.
             Slain by an iguana (7 damage)
             ... on level 4 of the Dungeon.
             The game lasted 00:04:52 (2915 turns).

zeram the Chopper (Hill Orc Fighter)                Turns: 2915, Time: 00:04:52

Health: -1/47      AC:  7    Str: 20    XL:     5   Next: 67%
Magic:  5/5        EV:  7    Int:  8    God:
Gold:   122        SH: 11    Dex: 10    Spells: 4/4 levels left

rFire    . . .     SeeInvis .   a - +0 war axe
rCold    . . .     Faith    .   c - +2 kite shield
rNeg     . . .     Spirit   .   b - +0 scale mail
rPois    .         Reflect  .   (no helmet)
rElec    .         Harm     .   (no cloak)
rCorr    .         Rampage  .   (no gloves)
Will     .....                  (no boots)
Stlth    ..........             (no amulet)
HPRegen  0.15/turn              (no ring)
MPRegen  0.09/turn              (no ring)

@: no status effects
A: no striking features
a: no special abilities


You were on level 4 of the Dungeon.
You visited 1 branch of the dungeon, and saw 4 of its levels.

You collected 122 gold pieces.

Inventory:

Hand Weapons
 a - a +0 war axe (weapon)
Armour
 b - a +0 scale mail (worn)
 c - a +2 kite shield (worn)
Jewellery
 g - a ring of protection from fire
 k - an amulet of guardian spirit
Potions
 f - 2 potions of flight


   Skills:
 + Level 4.4 Fighting
 + Level 5.1 Axes
 + Level 4.0 Armour
 + Level 0.7 Dodging
 + Level 4.3 Shields


You had 4 spell levels left.
You didn't know any spells.
Your spell library contained the following spells:

 Spells                   Type           Power      Damage    Failure   Level
 Ensorcelled Hibernation  Hex/Ice        0%         N/A       100%        2
 Spider Form              Tmut/Pois      0%         N/A       100%        3
 Shadow Creatures         Summ           N/A        N/A       100%        6


Dungeon Overview and Level Annotations

Branches:
Dungeon (3/15)

Altars:
Xom

Annotations:
D:2 SeanCanFly's ghost, weakling MiMo; ystael's ghost, amateur MiFi


Message History

SeanCanFly's ghost shouts, "What do you have that I didn't have?"
Ystael's ghost whispers, "Death is liberation."
Things that are here:
a +0 mace; a +0 dagger
There is a stone staircase leading up here.
You climb upwards.
There is a stone staircase leading down here.
You start resting.
HP restored.
You climb downwards.
Level annotation: SeanCanFly's ghost, weakling MiMo; ystael's ghost, amateur MiFi Ystael's ghost hits you!
SeanCanFly's ghost hits you! Ystael's ghost barely misses you.
There is a stone staircase leading up here.
You block SeanCanFly's ghost's attack. Ystael's ghost hits you!
* * * LOW HITPOINT WARNING * * *
You climb upwards.
There is a stone staircase leading down here.
SeanCanFly's ghost hits you but does no damage.
There is a shaft here.
You fall into a shaft and drop 2 floors!
The shaft crumbles and collapses.
You start resting.
An orc comes into view. It is wielding a +0 club.
The orc shouts!
You hear an angry hiss.
An iguana comes into view.
The iguana hisses angrily.
You block the iguana's attack.
You hit the iguana.
The iguana is moderately wounded.
You block the iguana's attack. The iguana bites you!
* * * LOW HITPOINT WARNING * * *
You hit the iguana but do no damage.
The iguana is moderately wounded.
You block the iguana's attack.
Okay, then.
You hit the iguana.
The iguana is heavily wounded.
The iguana bites you!
You die...

.# #. ####.## #.
#.....## #.
#...... #.
#..#..# #.
#..#o.# #.
#..#..#
#.####..#..#####
#..@lo..........
#####..###.#####
#..# # #..# ...#
#.... ##..##
#..#


You could see an iguana and an orc.

Vanquished Creatures
  An orc wizard (D:3)
  5 adders
  3 river rats (D:3)
  7 worms
  A dart slug (D:1)
  5 orcs (D:3)
  7 ball pythons
  5 endoplasms
  A giant cockroach (D:3)
  4 goblins
  7 hobgoblins
  2 quokkas
  4 bats
  4 frilled lizards
  8 kobolds
  5 rats
69 creatures vanquished.

Vanquished Creatures (others)
  6 withered plants (D:3)
6 creatures vanquished.

Grand Total: 75 creatures vanquished

Notes
Turn   | Place    | Note
-------+----------+-------------------------------------------
     0 | D:1      | zeram the Hill Orc Fighter began the quest for the Orb.
     0 | D:1      | Reached XP level 1. HP: 19/19 MP: 1/1
   118 | D:1      | Reached XP level 2. HP: 27/27 MP: 2/2
   141 | D:1      | Reached skill level 3 in Axes
   287 | D:1      | Reached XP level 3. HP: 31/33 MP: 3/3
   744 | D:2      | Reached skill level 4 in Axes
   818 | D:2      | Reached XP level 4. HP: 32/40 MP: 4/4
  1279 | D:3      | Reached XP level 5. HP: 23/46 MP: 5/5
  1505 | D:3      | Found a runed translucent gate.
  1506 | D:3      | Found a runed translucent gate.
  1506 | D:3      | Found a runed translucent gate.
  1507 | D:3      | Noticed ystael's ghost (amateur MiFi)
  1508 | D:3      | Noticed SeanCanFly's ghost (weakling MiMo)
  1625 | D:3      | Reached skill level 5 in Axes
  1786 | D:3      | Found a shimmering altar of Xom.
  2265 | D:3      | HP: 2/47 [ystael's ghost (15)]
  2901 | D:2      | You fall into a shaft and drop 2 floors!
  2915 | D:4      | Slain by an iguana

Illustrated notes

Levels and vault maps discovered:
D:1:      wander_arrival_fairy_ring, layout_rooms
D:2:      layout_rooms, minmay_tromino_i4
D:3:      layout_rooms, lemuel_tele_altar, lightli_sewer_entry_pipes,
          gammafunk_ghost_cemetery
D:4:      layout_loops_ring, mainiacjoe_overflow_alcove_1, patterned_corridor

Skill      XL: |  1  2  3  4  5 |
---------------+----------------+-----
Axes           | 3 4 5 |  5.1
Fighting       | 4 |  4.4
Shields        | 4 |  4.3
Armour         | 4 |  4.0
Dodging        | |  0.7

Action                   |  1- 3 |  4- 6 || total
-------------------------+-------+-------++-------
Melee: War axe           |    86 |   149 ||   235
  Use: Scroll            |       |     8 ||     8
       Potion            |       |     7 ||     7
Armor: Scale mail        |    39 |    71 ||   110
Dodge: Dodged            |    43 |    63 ||   106
Block: Kite shield       |    54 |    99 ||   153
